 Dungeon Crawl Stone Soup version 0.31-a0-237-g2d982f9f85 (webtiles) character file.

Game seed: 17723564764446924172

149 qw the Shooter (level 5, -3/42 HPs)
             Began as a Minotaur Hexslinger on July 10, 2023.
             Slain by a black bear (5 damage)
             ... on level 4 of the Dungeon.
             The game lasted 00:00:52 (2125 turns).

qw the Shooter (Minotaur Hexslinger)                Turns: 2125, Time: 00:00:53

Health: -3/42      AC:  5    Str: 13    XL:     5   Next: 9%
Magic:  5/5        EV: 11    Int: 10    God:
Gold:   113        SH:  5    Dex: 14    Spells: 5/6 levels left

rFire   . . .        Y - +1 sling
rCold   + . .        (no shield)
rNeg    . . .        a - +0 ring mail
rPois   .            (helmet restricted)
rElec   .            (no cloak)
rCorr   .            (no gloves)
SInv    .            (no boots)
Will    .....        b - amulet of reflection
Stlth   +            f - ring of protection from cold
HPRegen 0.27/turn    (no ring)
MPRegen 0.09/turn

%: reflection
@: about to teleport
A: horns 2, retaliatory headbutt
a: no special abilities


You were on level 4 of the Dungeon.
You visited 1 branch of the dungeon, and saw 4 of its levels.

You collected 113 gold pieces.


Innate Abilities, Weirdness & Mutations

You have a pair of horns on your head.
You reflexively headbutt those who attack you in melee.


   Skills:
 + Level 2.6 Fighting
 - Level 5.0 Ranged Weapons
 - Level 1.8 Armour
 - Level 2.1 Dodging
 - Level 1.0 Spellcasting
 - Level 2.0 Hexes


You had 5 spell levels left.
You knew the following spells:

 Your Spells              Type           Power      Damage    Failure   Level
a - Slow                  Hex            16%        N/A       32%         1

Your spell library contained the following spells:

 Spells                   Type           Power      Damage    Failure   Level
 Inner Flame              Hex/Fire       2%         N/A       82%         3
 Portal Projectile        Hex/Tloc       4%         N/A       82%         3
 Cause Fear               Hex            2%         N/A       97%         4

Inventory:

Hand Weapons
 Y - a +1 sling (weapon)
Armour
 a - a +0 ring mail (worn)
Jewellery
 b - an amulet of reflection (around neck)
 f - a ring of protection from cold (left hand)
Scrolls
 d - 2 scrolls of teleportation
Potions
 c - a potion of attraction {unknown}
 e - a potion of brilliance {unknown}
 h - a potion of mutation {unknown}
 i - a potion of heal wounds {unknown}
 k - a potion of curing {unknown}

Dungeon Overview and Level Annotations

Branches:
Dungeon (4/15)
 Temple: D:4-7

Altars:


Message History

The black bear claws you.
You shoot a sling bullet.
The sling bullet barely misses the black bear.
The black bear bites you but does no damage.
You block the black bear's attack.
The black bear claws you but does no damage.
The gnoll shoots an arrow.
The arrow barely misses you.
You shoot a sling bullet.
The sling bullet hits the black bear but does no damage.
The black bear is moderately wounded.
The gnoll shoots an arrow.
The arrow hits you! The black bear bites you.
The black bear claws you but does no damage.
The black bear completely misses you.
2122 ||| READING 3 scrolls of teleportation.
As you read the scroll of teleportation, it crumbles to dust.
You feel strangely unstable. The black bear barely misses you.
You furiously retaliate!
You headbutt the black bear! The black bear claws you.
The black bear closely misses you.
The gnoll shoots an arrow.
You block the arrow with an invisible shield... and reflect it back!
The arrow hits the gnoll!
You shoot a sling bullet. The sling bullet hits the black bear.
The black bear is severely wounded.
The gnoll shoots an arrow.
The arrow hits you.
The black bear goes berserk!
The gnoll shoots an arrow.
The arrow barely misses you. The black bear barely misses you.
The black bear claws you. You block the black bear's attack.
You shoot a sling bullet. The sling bullet hits the black bear.
The black bear is severely wounded.
The black bear misses you. You furiously retaliate!
You headbutt the black bear! You block the black bear's attack.
The black bear closely misses you.
The black bear bites you but does no damage.
You block the black bear's attack. The black bear barely misses you.
You shoot a sling bullet.
The sling bullet hits the black bear but does no damage.
The black bear is almost dead.
The black bear bites you.
The black bear claws you but does no damage.
The black bear claws you.
You die...

... ..# ..# g)# .. ####
##.# #### ..... #)h#
#..... .....##@#
##....... ........#
###........
........###......)...
.....................
.....................
.....................
#......................
#......................
.......................


You could see a black bear (berserk) and a gnoll.

Vanquished Creatures
  An orc wizard (D:3)
  4 adders
  2 dart slugs
  4 orcs
  6 ball pythons
  6 endoplasms
  3 giant cockroaches
  5 hobgoblins
  2 jackals (D:2)
  10 kobolds
  A quokka (D:2)
  5 bats
  3 frilled lizards
  5 goblins
  3 rats
60 creatures vanquished.

Vanquished Creatures (others)
  An orc wizard (D:3)
1 creature vanquished.

Grand Total: 61 creatures vanquished

Notes
Turn   | Place    | Note
-------+----------+-------------------------------------------
     0 | D:1      | qw the Minotaur Hexslinger began the quest for the Orb.
     0 | D:1      | Reached XP level 1. HP: 16/16 MP: 1/1
     0 | D:1      | 0 ||| qw: Version: 0.3-a-52-g30416fa
     0 | D:1      | 0 ||| qw: Game counter: 5171
     0 | D:1      | 0 ||| qw: Melee chars always use a shield: true
     0 | D:1      | 0 ||| qw: God list: Okawaru
     0 | D:1      | 0 ||| qw: Allow faded altars: false
     0 | D:1      | 0 ||| qw: Do Orc after clearing Dungeon:15 true
     0 | D:1      | 0 ||| qw: Do second Lair branch before Depths: true
     0 | D:1      | 0 ||| qw: Lair rune preference: random
     0 | D:1      | 0 ||| qw: Goals: Normal
     0 | D:1      | 0 ||| PLANNING D:1-11
   162 | D:1      | Reached skill level 3 in Ranged Weapons
   186 | D:1      | Reached XP level 2. HP: 23/23 MP: 2/2
   682 | D:1      | 682 ||| DROPPING ring of magical power.
   683 | D:1      | 683 ||| UPGRADING to ring of protection from cold.
   684 | D:1      | 684 ||| READING scroll labelled YNKASO ZOPUSU.
   719 | D:1      | 719 ||| READING scroll labelled BOQA WIKLALURI.
   723 | D:1      | 723 ||| DROPPING scroll of poison.
   792 | D:2      | Reached XP level 3. HP: 15/27 MP: 3/3
  1109 | D:2      | Reached skill level 4 in Ranged Weapons
  1418 | D:2      | 1418 ||| UPGRADING to +0 ring mail.
  1428 | D:2      | 1428 ||| DROPPING +0 robe.
  1429 | D:2      | 1429 ||| UPGRADING to amulet of reflection.
  1434 | D:2      | 1434 ||| READING scroll labelled SIUQ ZUCIOGU.
  1435 | D:2      | 1435 ||| READING scroll labelled ENLINK DOLEANEKO.
  1436 | D:2      | 1436 ||| READING scroll labelled LIEXKE INNEMU.
  1462 | D:3      | Found a faded altar of an unknown god.
  1534 | D:3      | Reached skill level 1 in Armour
  1534 | D:3      | Reached XP level 4. HP: 31/36 MP: 4/4
  1567 | D:3      | HP: 6/36 [orc wizard/puff of flame (8)]
  1846 | D:3      | Reached skill level 5 in Ranged Weapons
  2034 | D:3      | 2034 ||| READING scroll labelled FED XEULIRE.
  2035 | D:3      | 2035 ||| READING 4 scrolls labelled UNOCHI USOW.
  2036 | D:3      | 2036 ||| DRINKING 2 fizzy golden potions.
  2037 | D:3      | 2037 ||| DROPPING potion of magic.
  2038 | D:3      | 2038 ||| DROPPING 3 scrolls of immolation.
  2057 | D:4      | 2057 ||| PLANNING OSSUARY
  2104 | D:4      | Noticed a black bear
  2106 | D:4      | Reached XP level 5. HP: 41/41 MP: 5/5
  2121 | D:4      | HP: 10/42 [gnoll/arrow (10)]
  2122 | D:4      | 2122 ||| READING 3 scrolls of teleportation.
  2125 | D:4      | HP: 2/42 [black bear (4)]
  2125 | D:4      | Slain by a black bear

Levels and vault maps discovered:
D:1:      spicycebolla_green_bress_n_ham_2, layout_loops_ring
D:2:      layout_loops_ring
D:3:      layout_basic, dreamdust_ecumenical_altar_statues
D:4:      minmay_recursive_quarters, layout_layer_cave,
          nicolae_ossuary_entry_giza, nicolae_the_louvre, uniq_ijyb

Skill      XL: |  1  2  3  4 |
---------------+-------------+-----
Ranged Weapons | 3 4 5 |  5.0
Fighting       | 2 |  2.6
Armour         | 1 |  1.8
Dodging        | |  2.1
Spellcasting   | |  1.0
Hexes          | |  2.0

Action                     |  1- 3 |  4- 6 || total
---------------------------+-------+-------++-------
   Fire: Sling             |   128 |    78 ||   206
    Use: Scroll            |     5 |     3 ||     8
         Potion            |       |     1 ||     1
 Armour: Robe              |     7 |       ||     7
         Ring mail         |     2 |    35 ||    37
  Dodge: Dodged            |    51 |    27 ||    78
  Block: Other             |     3 |    22 ||    25
         Reflection        |       |     1 ||     1

Table legend:
 A = Non-vault XP
 B = Vault XP
 C = Vault XP percentage of total XP
 D = Non-vault monster count
 E = Vault monster count
 F = Vault count percentage of total count
                 A         B        C        D         E       F
            +---------+---------+-------+---------+---------+-------
      Total |     194 |      19 |   8.9 |      57 |       4 |   6.6
            +---------+---------+-------+---------+---------+-------
        D:1 |      33 |       0 |   0.0 |      20 |       0 |   0.0
        D:2 |      37 |       0 |   0.0 |      14 |       0 |   0.0
        D:3 |     118 |       0 |   0.0 |      20 |       0 |   0.0
        D:4 |       6 |      19 |  76.0 |       3 |       4 |  57.1
            +---------+---------+-------+---------+---------+-------
